 Dungeon Crawl Stone Soup version 0.29-a0-284-gf9362112df (webtiles) character file.

Game seed: 14046099050787700239

202 sammy202020 the Skirmisher (level 5, -6/51 HPs)
             Began as a Gargoyle Berserker on Mar 22, 2022.
             Was a Believer of Trog.
             Blown up by Ijyb (18 damage)
             ... with a mindburst bolt
             ... on level 3 of the Dungeon.
             The game lasted 00:03:20 (2207 turns).

sammy202020 the Skirmisher (Gargoyle Berserker)     Turns: 2207, Time: 00:03:21

Health: -6/51      AC: 12    Str: 21    XL:     5   Next: 80%
Magic:  5/5        EV: 10    Int:  9    God:    Trog [**....]
Gold:   89         SH:  0    Dex:  9    Spells: 4/4 levels left

rFire   . . .      SeeInvis .   a - +0 mace
rCold   . . .      Faith    .   (no shield)
rNeg    + . .      Spirit   .   d - +0 scale mail
rPois   ∞          Reflect  .   p - +0 helmet
rElec   +          Harm     .   (no cloak)
rCorr   .          Rampage  .   (no gloves)
Will    .....                   (no boots)
Stlth   ..........              (no amulet)
HPRegen 0.17/turn               n - ring of flight
MPRegen 0.09/turn               (no ring)

@: berserking, flying, very quick
A: sickness immunity, AC +4, negative energy resistance 1, electricity
resistance, torment resistance 1, petrification resistance
a: Renounce Religion, Berserk, Trog's Hand


You were on level 3 of the Dungeon.
You worshipped Trog.
Trog was pleased with you.
You visited 1 branch of the dungeon, and saw 3 of its levels.

You collected 89 gold pieces.

Inventory:

Hand Weapons
 a - a +0 mace (weapon)
Missiles
 i - a throwing net (quivered)
Armour
 b - a +0 animal skin
 d - a +0 scale mail (worn)
 j - the +1 pair of boots "Ofyczank" {rF- Dex+4}
   (You found it on level 2 of the Dungeon)

   Dex:       It affects your dexterity (+4).
   rF:        It makes you vulnerable to fire.
 p - a +0 helmet (worn)
Jewellery
 n - a ring of flight (left hand)
Scrolls
 f - a scroll of silence {unknown}
 k - a scroll of blinking {unknown}
 o - a scroll of summoning {unknown}
 r - a scroll of magic mapping {unknown}
Potions
 c - 2 potions of mutation {unknown}
 e - 3 potions of heal wounds {unknown}
 g - 2 potions of attraction {unknown}
 h - 2 potions of haste {unknown}
 l - a potion of lignification {unknown}
 m - a potion of curing {unknown}
 q - a potion of brilliance {unknown}


   Skills:
 * Level 4.5 Fighting
 * Level 4.2 Maces & Flails
 * Level 3.8 Armour
 + Level 2.2 Dodging


You had 4 spell levels left.
You didn't know any spells.
Your spell library was empty.

Dungeon Overview and Level Annotations

Branches:
Dungeon (3/15)

Altars:

Annotations:
D:3 Ijyb


Innate Abilities, Weirdness & Mutations

You are immune to sickness and miasma.
Your stone body is resilient. (AC +4)
You are immune to poison.
You resist negative energy. (rN+)
You are resistant to electric shocks. (rElec)
You are resistant to unholy torment.
You are immune to petrification.


Message History

No target in view!
No target in view!
No target in view!
You see here a hobgoblin corpse.
As you open the door, it creaks loudly!
You hear a shout! x3
Found a whip.
Ijyb the Twisted Goblin comes into view.
She is wielding a +0 dagger and carrying a wand of mindburst (11).
There is an open door here.
A kobold comes into view. It is wielding a +0 whip.
Ijyb zaps a wand.
Your mind is blasted!
Ouch! That really hurt!
You are too injured to fight recklessly!
You are too injured to fight recklessly!
You are too injured to fight recklessly!
You are too injured to fight recklessly!
You are too injured to fight recklessly!
You are too injured to fight recklessly!
You are too injured to fight recklessly!
You are too injured to fight recklessly!
You are too injured to fight recklessly!
You are too injured to fight recklessly!
You are too injured to fight recklessly!
Ijyb zaps a wand.
You barely resist.
Ijyb screams, "Level is mine!
All mine!"
A red film seems to cover your vision as you go berserk!
You feel yourself moving faster!
You feel mighty! Ijyb hits you with a +0 dagger.
You barely miss Ijyb. Ijyb closely misses you.
You barely miss Ijyb. You barely miss Ijyb.
Ijyb zaps a wand.
Your mind is blasted!
The kobold hits you with a +0 whip.
* * * LOW HITPOINT WARNING * * *
You hit Ijyb.
Ijyb is lightly wounded.
The kobold barely misses you. Ijyb hits you with a +0 dagger.
* * * LOW HITPOINT WARNING * * *
You hit Ijyb.
Ijyb is lightly wounded.
Ijyb zaps a wand.
Your mind is blasted!
You die...

# #. # ... #. #. . ..#
#.###'###. #.## ........
... ##.....## ###.#
##.......## ##.#.#
##.....K...####....#####
.'...)g@...'............
##.........###.....#####
##.......## #.#.### #
##.....## #.### #
##...## #.# # ##+## #.#
# #.# # #.# # #.#


You could see Ijyb and a kobold.

Vanquished Creatures
  A scorpion (D:3)
  A hound (D:3)
  Terence (D:2)
  Robin (D:3)
  3 adders
  5 ball pythons
  2 endoplasms (D:2)
  14 hobgoblins
  2 kobolds
  5 quokkas
  A bat (D:2)
  2 frilled lizards (D:2)
  7 goblins
  A rat (D:1)
46 creatures vanquished.

Notes
Turn   | Place    | Note
-------+----------+-------------------------------------------
     0 | D:1      | sammy202020 the Gargoyle Berserker began the quest for the
                  | Orb.
     0 | D:1      | Reached XP level 1. HP: 14/14 MP: 1/1
   367 | D:1      | Reached XP level 2. HP: 19/19 MP: 2/2
   858 | D:2      | Reached XP level 3. HP: 21/24 MP: 3/3
   953 | D:2      | Identified the +1 pair of boots "Ofyczank" {rF- Dex+4}
  1020 | D:2      | Noticed Terence
  1031 | D:2      | Killed Terence
  1226 | D:2      | Reached XP level 4. HP: 29/29 MP: 4/4
  1346 | D:2      | Identified the +0 robe of Contentment {Drain rF+ Str+2
                  | Dex+2}
  1528 | D:2      | Reached ** piety under Trog
  1790 | D:3      | Noticed a scorpion
  1798 | D:3      | Killed a scorpion
  1799 | D:3      | Reached XP level 5. HP: 29/33 MP: 5/5
  1906 | D:3      | Found a faded altar of an unknown god.
  2035 | D:3      | Noticed Robin
  2045 | D:3      | Killed Robin
  2197 | D:3      | Noticed Ijyb
  2207 | D:3      | Blown up by Ijyb

Illustrated notes

Levels and vault maps discovered:
D:1:      dpeg_arrival_renting, layout_basic
D:2:      layout_basic, uniq_terence
D:3:      layout_loops_corners, shapermc_ecumenical_altar_acropolis,
          chequers_serial_rivers_micro_e, nrook_campfire, nicolae_wormholes,
          uniq_jessica, uniq_ijyb, uniq_robin

Skill      XL: |  1  2  3  4 |
---------------+-------------+-----
Armour         | 3 |  3.8
Fighting       | 4 |  4.5
Dodging        | 2 |  2.2
Maces & Flails | 4 |  4.2

Action                   |  1- 3 |  4- 6 || total
-------------------------+-------+-------++-------
Melee: Mace              |    61 |    80 ||   141
       Punch             |       |     1 ||     1
Invok: Berserk           |     1 |     2 ||     3
       Trog's Hand       |       |     2 ||     2
Armor: Animal skin       |     2 |       ||     2
       Scale mail        |    15 |    73 ||    88
Dodge: Dodged            |    44 |    71 ||   115

Table legend: (Time is in decaauts)
 A = Elapsed time spent in this place.
 B = Non-inter-level travel time spent in this place.
 C = Inter-level travel time spent in this place.
 D = Time resting spent in this place.
 E = Time spent auto-exploring this place.
 F = Levels seen in this place.
 G = Mean time per level.
                   A        B        C        D        E       F      G
               +--------+--------+--------+--------+--------+-----+--------+
         Total |   2247 |   2223 |     24 |    295 |   1463 |   3 |  749.0 |
       Dungeon |   2247 |   2223 |     24 |    295 |   1463 |   3 |  749.0 |
               +--------+--------+--------+--------+--------+-----+--------+

Top non-repeatable levels by time:
     D:2: 898 daAuts
     D:1: 842 daAuts
     D:3: 506 daAuts
